Map: Одиссея РВ

Players

ИИ 1 (новичок) - Winner!

  • Race: Terran Terran
  • Spawn Location: 5:00

Doll

  • Race: Zerg Zerg
  • Spawn Location: 11:00

VOD

Have the link to the VOD?

Description

Time

  • Played on: July 8, 2021, 10:39 a.m.
  • Length: 11:11
Show
View Real Time Build Order
Export as new Build Order

ИИ 1 (новичок) Terran - Winner!

Build Orders: Reaper Expand 

Get SALT Encoding   

  12  0:00  SCV  
  13  0:13  SCV  
  14  0:19  Supply Depot  
  14  0:46  Barracks  
  14  1:07  Command Center  
  14  1:33  Marine  
  14  1:34  Orbital Command, Supply Depot  
  14  1:38  Refinery  
  15  1:49  Refinery  
  15  2:00  SCV  
  16  2:12  SCV  
  17  2:18  Reaper, SCV  
  19  2:26  SCV  
  20  2:33  SCV  
  21  2:40  SCV  
  22  2:47  SCV  
  23  2:54  SCV  
  23  2:56  Refinery  
  24  3:01  SCV  
  24  3:02  Marine  
  26  3:09  SCV  
  27  3:16  SCV  
  28  3:23  SCV, Factory  
  29  3:47  Marine  
  29  3:48  Refinery  
  30  3:51  SCV  
  31  3:58  SCV  
  31  4:01  Supply Depot  
  32  4:05  SCV  
  32  4:06  Barracks Tech Lab  
  33  4:11  Starport  
  33  4:12  SCV  
  34  4:19  SCV  
  35  4:27  SCV  
  36  4:33  Marauder  
  36  4:34  SCV  
  39  4:38  Supply Depot  
  39  4:41  SCV  
  40  4:48  SCV  
  40  4:49  Starport Tech Lab  
  41  4:55  SCV  
  42  5:03  SCV  
  43  5:08  Raven  
  43  5:10  SCV  
  46  5:17  SCV  
  46  5:18  Marauder  
  49  5:24  SCV  
  50  5:51  Raven  
  52  6:02  Marine  
  53  6:47  Marine  
  54  10:28  Medivac  
  56  10:30  Supply Depot  
  56  10:52  Factory Tech Lab  
  56  10:54  Supply Depot  
Show
View Real Time Build Order
Export as new Build Order

Doll Zerg 

Build Orders: Hatch First, Muta Ling Bane 

Get SALT Encoding   

  12  0:00  Drone  
  13  0:13  Overlord  
  13  0:17  Drone  
  14  0:32  Drone x2  
  16  0:50  Hatchery  
  16  0:55  Extractor  
  14  0:57  Drone  
  14  0:59  Drone  
  16  1:17  Spawning Pool  
  15  1:18  Drone  
  15  1:23  Drone  
  17  1:26  Drone  
  17  1:32  Drone  
  19  1:41  Drone  
  20  1:52  Overlord  
  20  2:03  Queen  
  20  2:05  Queen  
  20  2:07  Zergling x2  
  25  2:09  Zergling x2  
  25  2:14  Zergling x2  
  27  2:16  Zergling x2  
  27  2:21  Extractor  
  27  2:23  Metabolic Boost  
  27  2:33  Drone  
  28  2:37  Drone  
  28  2:38  Spine Crawler  
  29  2:44  Drone  
  29  2:45  Drone  
  29  2:48  Drone  
  31  2:52  Drone  
  31  2:57  Drone  
  33  3:00  Drone  
  34  3:06  Drone  
  35  3:13  Lair  
  35  3:18  Overlord  
  35  3:29  Roach Warren  
  35  3:30  Drone  
  36  3:34  Drone  
  36  3:38  Drone x2  
  36  3:40  Drone  
  39  3:42  Drone  
  40  3:49  Queen  
  42  3:56  Drone x2  
  42  4:00  Overlord  
  44  4:04  Overlord  
  44  4:13  Spire  
  44  4:16  Overlord  
  43  4:19  Drone x2  
  43  4:23  Drone x2  
  47  4:25  Drone  
  47  4:28  Drone  
  49  4:32  Drone  
  49  4:33  Drone  
  49  4:36  Overlord  
  51  4:40  Queen  
  51  4:43  Roach  
  57  4:45  Roach  
  57  4:48  Roach  
  57  4:51  Roach  
  61  4:53  Roach  
  63  5:00  Overlord  
  63  5:04  Overseer  
  63  5:05  Overseer  
  63  5:12  Hydralisk Den  
  62  5:16  Zergling x4  
  62  5:17  Pneumatized Carapace  
  64  5:23  Extractor  
  64  5:24  Mutalisk, Extractor  
  64  5:25  Mutalisk  
  66  5:30  Mutalisk  
  68  5:37  Drone x4  
  68  5:42  Drone x3  
  75  5:44  Hatchery  
  75  5:47  Spore Crawler  
  75  5:48  Drone x2  
  75  5:49  Drone  
  76  5:51  Drone  
  77  5:58  Drone  
  77  5:59  Drone  
  77  6:00  Infestation Pit  
  77  6:01  Drone  
  79  6:08  Drone  
  79  6:10  Mutalisk  
  79  6:11  Mutalisk  
  82  6:13  Overlord  
  82  6:16  Overlord  
  84  6:20  Overlord  
  84  6:27  Baneling Nest  
  83  6:33  Mutalisk  
  83  6:34  Corruptor  
  83  6:38  Drone  
  88  6:45  Hive  
  88  6:50  Evolution Chamber  
  88  6:51  Evolution Chamber  
  88  6:53  Glial Reconstitution  
  86  6:54  Evolution Chamber  
  86  6:56  Drone x2  
  86  6:57  Drone  
  86  6:58  Drone x2  
  86  7:00  Drone  
  91  7:04  Drone  
  91  7:05  Drone  
  91  7:07  Mutalisk  
  95  7:13  Mutalisk  
  97  7:16  Drone  
  97  7:17  Extractor x2, Drone  
  97  7:18  Drone  
  97  7:19  Drone  
  99  7:24  Drone x2  
  99  7:27  Centrifical Hooks  
  101  7:31  Drone  
  101  7:34  Mutalisk  
  101  7:36  Drone x2  
  106  7:37  Drone  
  106  7:40  Drone  
  106  7:41  Overlord  
  106  7:42  Queen  
  110  7:44  Mutalisk  
  110  7:46  Drone  
  110  7:50  Overlord  
  113  7:55  Overlord  
  113  7:59  Overlord  
  113  8:00  Mutalisk  
  113  8:03  Greater Spire  
  113  8:05  Mutalisk  
  115  8:06  Drone  
  115  8:07  Drone  
  115  8:09  Drone x2  
  115  8:11  Drone  
  122  8:27  Ultralisk Cavern  
  121  9:10  Drone  
  121  9:12  Burrow  
Tags
 
Add a new tag
Caveats
  • Supply blocks, unpowered buildings, or Contaminate may cause inaccurate times.
  • Supply counts are checked every 10 seconds.